 Dungeon Crawl Stone Soup version 0.30-a0-1102-g2dbb833546 (webtiles) character file.

Game seed: 15941342759733091819

31479 CryoSword the Severer (level 13, -1/118 HPs)
             Began as a Hill Orc Monk on Apr 17, 2023.
             Was a High Priest of Beogh.
             Slain by a cane toad (16 damage)
             ... on level 5 of the Lair of Beasts on Apr 18, 2023.
             The game lasted 00:32:28 (19109 turns).

CryoSword the Severer (Hill Orc Monk)              Turns: 19109, Time: 00:32:28

Health: -1/118     AC:  9    Str: 19    XL:     13   Next: 58%
Magic:  21/21      EV: 14    Int: 10    God:    Beogh [*****.]
Gold:   1446       SH:  5    Dex: 13    Spells: 12/12 levels left

rFire   . . .      SeeInvis .    w - +1 battleaxe (vamp)
rCold   . . .      Faith    .    (shield currently unavailable)
rNeg    . . .      Spirit   .    H - +0 troll leather armour
rPois   .          Reflect  +    h - +1 helmet
rElec   .          Rampage  .    (no cloak)
rCorr   .                        (no gloves)
Will    .....                    B - +1 pair of boots
Stlth   +                        N - amulet of reflection
HPRegen 1.19/turn                (no ring)
MPRegen 0.17/turn                (no ring)

@: lethally poisoned (-1 -> -47)
A: walk on water
a: Renounce Religion, Smiting, Recall Orcish Followers, Give Item to Named
Follower


You were on level 5 of the Lair of Beasts.
You worshipped Beogh.
Beogh was extremely pleased with you.
You visited 3 branches of the dungeon, and saw 17 of its levels.
You also visited: Sewer and Bailey.

You collected 1446 gold pieces.

Inventory:

Hand Weapons
 a - a +4 dire flail
   (You took it off a wight on level 9 of the Dungeon)
 k - the +6 Majin-Bo {spellvamp, MP+6 Int+6}
   (You acquired it on level 1 of the Lair of Beasts)

   Int:       It affects your intelligence (+6).
   MP:        It affects your magic capacity (+6).
 w - a +1 vampiric battleaxe (weapon)
   (You found it on level 11 of the Dungeon)
Missiles
 g - 35 poisoned darts
 J - 3 throwing nets
 O - 21 boomerangs
 P - 5 curare-tipped darts
Armour
 c - a +2 ring mail of cold resistance
   (You took it off a kobold in a bailey)
 h - a +1 helmet (worn)
   (You found it on level 1 of the Dungeon)
 v - a +0 kite shield
   (You took it off a gnoll sergeant on level 8 of the Dungeon)
 B - a +1 pair of boots (worn)
   (You found it on level 5 of the Dungeon)
 G - an orb of light
 H - a +0 troll leather armour (worn)
   (You found it on level 11 of the Dungeon)
Jewellery
 D - a ring of fire
   (You found it on level 6 of the Dungeon)
 I - the ring of the Endless Expanse {Ice Dex+3}
   (You took it off a centaur on level 9 of the Dungeon)

   [ring of ice]

   It enhances your ice magic.
   Dex:       It affects your dexterity (+3).
   rF:        It makes you vulnerable to fire.
   rC:        It protects you from cold.
 N - an amulet of reflection (around neck)
   (You found it on level 10 of the Dungeon)
Wands
 r - a wand of light (22)
   (You found it on level 3 of the Dungeon)
 E - a wand of flame (16) (quivered)
   (You found it on level 7 of the Dungeon)
 F - a wand of charming (5)
   (You found it on level 11 of the Dungeon)
 M - a wand of roots (7)
   (You found it on level 10 of the Dungeon)
Scrolls
 f - 7 scrolls of magic mapping
 i - 3 scrolls of fog {unknown}
 j - 6 scrolls of teleportation {@r4}
 m - a scroll of brand weapon {unknown}
 p - a scroll of fear
 s - a scroll of poison {!r}
 u - a scroll of noise {unknown}
 y - 2 scrolls of silence {unknown}
 C - 2 scrolls of amnesia {unknown}
 K - 2 scrolls of immolation {unknown}
 L - a scroll of enchant armour
Potions
 b - 2 potions of haste {@q3}
 d - 3 potions of mutation {!q}
 e - 5 potions of might
 l - 5 potions of lignification {!q}
 n - 2 potions of resistance
 o - 4 potions of heal wounds {@q2}
 q - 2 potions of berserk rage
 t - 9 potions of flight
 x - 3 potions of attraction {!q}
 z - 2 potions of cancellation
 A - 4 potions of curing {@q1}


   Skills:
 + Level 12.0 Fighting
 * Level 17.5 Axes
 + Level 6.7 Armour
 - Level 6.6 Dodging
 * Level 9.7 Shields
 * Level 11.9 Invocations


You had 12 spell levels left.
You didn't know any spells.
Your spell library contained the following spells:

 Spells                   Type           Power      Damage    Failure   Level
 Kiss of Death            Conj/Necr      0%         2d5       41%         1
 Magic Dart               Conj           0%         1d3       41%         1
 Searing Ray              Conj           0%         2d4       54%         2
 Sublimation of Blood     Necr           0%         N/A       54%         2
 Confusing Touch          Hex            0%         N/A       78%         3
 Dazzling Flash           Conj/Hex       0%         N/A       78%         3
 Vhi's Electric Charge    Tloc/Air       0%         N/A       78%         3
 Volatile Blastmotes      Fire/Tloc      0%         2d10      78%         3
 Animate Dead             Necr           0%         N/A       99%         4
 Dispel Undead            Necr           0%         3d6       99%         4
 Fulminant Prism          Conj/Hex       0%         3d5       99%         4
 Iskenderun's Mystic Bla  Conj/Tloc      0%         2d3       99%         4
 Petrify                  Tmut/Erth      0%         N/A       99%         4
 Arcjolt                  Conj/Air       0%         1d10      100%        5
 Borgnjor's Vile Clutch   Necr/Erth      0%         N/A       100%        5
 Irradiate                Conj/Tmut      0%         3d11      100%        5
 Death Channel            Necr           0%         N/A       100%        6
 Starburst                Conj/Fire      0%         6d3       100%        6
 Maxwell's Capacitive Co  Air            0%         ∞         100%        8


Dungeon Overview and Level Annotations

Branches:
Dungeon (11/15)            Temple (1/1) D:6            Lair (5/5) D:11
 Shoals (0/4) Lair:3        Snake (0/4) Lair:3        Slime (0/5) Lair:4
    Orc (0/2) D:11          Sewer (visited)          Bailey (visited)

Altars:
Ashenzari
Cheibriados
Dithmenos
Elyvilon
Fedhas
Gozag
Hepliaklqana
Kikubaaqudgha
Makhleb
Nemelex Xobeh
Okawaru
Qazlal
Ru
Sif Muna
Trog
Uskayaw
Vehumet
Wu Jian
Xom
Yredelemnul
Zin
The Shining One
Jiyva

Shops:
D:8 *

Annotations:
D:3 exclusion: statue


Message History

Beogh accepts your kill. The hornet barely misses you.
Oruk barely misses the cane toad.
The cane toad closely misses Oruk.
Bogric unwields a +0 arbalest.
Bogric hits the hornet.
You barely miss the hornet.
You feel very sick. The hornet stings you.
You feel as though you will be slow longer.
The cane toad stings Oruk!
Oruk hits the cane toad with a +0 dire flail.
The hornet closely misses you.
Bogric misses the hornet.
You hit the hornet but do no damage.
You feel very sick. The hornet closely misses you.
The cane toad stings Oruk!
Oruk hits the cane toad with a +0 dire flail!
The cane toad dies!
Beogh accepts your kill.
Bogric barely misses the hornet.
You block the hornet's attack.
You barely miss the hornet.
You feel sick. The hornet closely misses you.
Oruk closely misses the hornet.
Bogric closely misses the hornet.
The hornet stings you but does no damage.
You hit the hornet.
You feel sick.
Oruk closely misses the hornet.
The hornet stings you but does no damage.
Bogric hits the hornet!
Oruk barely misses the hornet.
You slash the hornet!
You feel better.
You feel sick.
The hornet stings you but does no damage.
Bogric hits the hornet!
The hornet dies!
Beogh accepts your kill.
You start resting.
You feel sick.
Bogric no longer looks unusually strong.
You feel sick. x2
You are no longer poisoned.
You start resting.
You feel yourself speed up.
Oruk looks more healthy.
Oruk no longer looks unusually strong.
You start resting.
A water moccasin comes into view.
Oruk roars a battlecry!
Bogric goes into a battle-frenzy!
Bogric roars a battlecry!
Oruk goes into a battle-frenzy!
You swap places.
The water moccasin barely misses you.
You miss the water moccasin. The water moccasin misses you.
You closely miss the water moccasin. You block the water moccasin's attack.
Oruk hits the water moccasin with a +0 dire flail!!
Bogric closely misses the water moccasin.
You miss the water moccasin. The water moccasin closely misses you.
Oruk hits the water moccasin with a +0 dire flail!!
The water moccasin dies!
Beogh accepts your kill.
Oruk looks more experienced.
No target in view!
The floor.
You start resting.
Bogric no longer looks unusually strong.
Found a wand of light (3).
Oruk no longer looks unusually strong.
r - a wand of light (22) (gained 3 charges)
You swap places.
You start waiting.
Done waiting.
You swap places.
A guardian serpent comes into view.
Bogric wields a +0 arbalest.
Bogric shoots a bolt.
The bolt closely misses the guardian serpent.
Oruk completely misses the fungus.
The guardian serpent casts a spell at you.
There are monsters nearby!
There are monsters nearby!
There are monsters nearby!
You hit the cane toad. x2; You hit the fungus.
The fungus begins to die.
You closely miss the cane toad. You hit the fungus.
The fungus begins to die.
You slice the black mamba!! The cane toad misses you.
The black mamba bites you! The cane toad stings you!!
You are poisoned.
The cane toad poisons you! You block the cane toad's attack.
Bogric shoots a bolt.
The bolt hits the black mamba!!
You hit the black mamba.
You feel better.
You kill the black mamba!
Beogh accepts your kill.
You completely miss the cane toad. You hit the cane toad. You slash the fungus!
You barely miss the cane toad. You slash the fungus!
You feel very sick.
Oruk roars a battlecry!
Bogric goes into a battle-frenzy!
The cane toad stings you! x2; The cane toad closely misses you.
You are too injured to fight recklessly!
You are too injured to fight recklessly!
You are too injured to fight recklessly!
Unknown command.
You barely miss the cane toad. You slice the fungus!!
You barely miss the cane toad. You slash the cane toad!
You feel better.
You slash the fungus!
You feel very sick. The cane toad stings you!
* * * LOW HITPOINT WARNING * * *
You are more poisoned.
The cane toad poisons you! You block the cane toad's attack. x2
Bogric shoots a bolt.
The bolt hits the cane toad!!
You slash the cane toad! You closely miss the cane toad.
You slash the cane toad! You slash the fungus! x2
You feel very sick.
A nearby fungus withers and dies.
The guardian serpent coils itself and waves its upper body at you.
You block the cane toad's attack. The cane toad misses you.
The cane toad barely misses you.
Oruk hits the wolf spider with a +0 dire flail!!
You hit the cane toad but do no damage. You slash the cane toad!
You feel better.
You barely miss the cane toad. You hit the fungus. You hit the wolf spider.
You feel better.
You feel very sick.
A nearby fungus withers and dies.
The wolf spider misses you.
The wolf spider bites you but does no damage.
Bogric shoots a bolt.
The bolt hits the cane toad!!
The cane toad dies!
Beogh accepts your kill.
Bogric looks more experienced.
The cane toad closely misses you. You block the cane toad's attack.
Oruk barely misses the wolf spider.
The wolf spider hits you but does no damage.
The wolf spider bites you.
* * * LOW HITPOINT WARNING * * *
Unknown command.
You closely miss the guardian serpent. You hit the wolf spider.
You closely miss the cane toad. You hit the cane toad but do no damage.
You feel very sick. The cane toad stings you!
* * * LOW HITPOINT WARNING * * *
The cane toad barely misses you.
Bogric unwields a +0 arbalest.
Bogric hits the guardian serpent!
You block the guardian serpent's attack.
The wolf spider barely misses you. The wolf spider closely misses you.
Oruk barely misses the wolf spider.
You slice the guardian serpent!! You slash the wolf spider!
You closely miss the cane toad. You barely miss the cane toad.
You feel very sick.
The guardian serpent closely misses you.
The cane toad stings you!
* * * LOW HITPOINT WARNING * * *
You are more poisoned.
The cane toad poisons you! You block the wolf spider's attack.
The wolf spider bites you!
* * * LOW HITPOINT WARNING * * *
You are more poisoned.
The wolf spider poisons you! The cane toad stings you!
You die...

##P..... .....
##......† #....
#......†† ....
....P...† #..#
...#.... #..#
.###.... #..#
###...... ##FS##
###........ ##.F@o##
##....P..... #...so.#
............
#..PP..##.......<....
##......###....P.....
#####.../###..P.....
#..##...###......
##..##....###....
#...##..†..#....
##...##.†.......


You could see a wolf spider, a guardian serpent (ally target), 2 cane toads, the
friendly Oruk the orc warlord and the friendly Bogric the orc knight (strong).

Vanquished Creatures
  A hydra (Lair:5)
  A two-headed ogre (D:9)
  A death yak (D:11)
  Sonja (Lair:4)
  2 skysharks (Lair:3)
  An orc knight (Bailey)
  A cyclops (D:6)
  A wolf spider (Lair:5)
  5 elephants
  A black mamba (Lair:5)
  3 cane toads
  An unseen horror (D:10)
  A komodo dragon (Lair:1)
  A troll (D:10)
  4 polar bears
  9 blink frogs
  2 wyverns
  A wraith (D:9)
  14 yaks
  Grum (D:9)
  A basilisk (Lair:3)
  7 water moccasins
  Duvessa (D:7)
  6 orc warriors
  2 black bears
  2 sky beasts
  2 ice beasts (D:7)
  5 wolves
  4 ogres (D:5)
  5 centaurs
  A phantom (D:7)
  3 kobold brigands
  6 bullfrogs
  2 gnoll sergeants
  3 scorpions
  Dowan (D:7)
  9 wights
  An electric eel (Lair:3)
  9 howler monkeys
  3 orc priests
  5 jellies
  3 hounds
  4 sleepcaps
  5 orc wizards
  5 iguanas
  3 hell rats
  A mummy (D:4)
  17 adders
  8 gnolls
  4 river rats
  2 shadow imps
  4 white imps (D:6)
  2 ufetubi
  3 worms
  A dart slug (D:4)
  24 orcs
  14 endoplasms
  4 giant cockroaches
  10 goblins
  3 hobgoblins
  A jackal (Sewer)
  9 quokkas
  15 ball pythons
  5 bats
  2 frilled lizards
  27 kobolds
  18 rats
324 creatures vanquished.

Vanquished Creatures (collateral kills)
  3 hydras
  2 death yaks (D:11)
  4 two-headed ogres
  6 elephants
  2 black mambas
  7 cane toads
  A torpor snail (Lair:2)
  2 rime drakes
  4 komodo dragons
  2 trolls (D:11)
  2 hornets (Lair:5)
  17 blink frogs
  4 wyverns
  A wraith (D:10)
  23 yaks
  A basilisk (Lair:2)
  3 nagas (Lair:3)
  An acid dragon (D:10)
  7 water moccasins
  2 wolves (Lair:1)
  A centaur (D:10)
  4 bullfrogs
  A jelly (Lair:4)
  3 hell rats (Lair:4)
  A river rat (D:11)
  A butterfly (Lair:1)
105 creatures vanquished.

Vanquished Creatures (others)
  An orc sorcerer (D:11)
  An orc warrior (Bailey)
  An orc priest (D:6)
  An orc wizard (D:6)
  An adder (D:6)
  2 orcs
  5 demonic plants (D:6)
  10 fungi
  23 plants
45 creatures vanquished.

Grand Total: 474 creatures vanquished

Notes
Turn   | Place    | Note
-------+----------+-------------------------------------------
     0 | D:1      | CryoSword the Hill Orc Monk began the quest for the Orb.
     0 | D:1      | Reached XP level 1. HP: 19/19 MP: 1/1
   121 | D:1      | Reached XP level 2. HP: 27/27 MP: 2/2
   121 | D:1      | Found a faded altar of an unknown god.
   488 | D:1      | Reached XP level 3. HP: 33/33 MP: 3/3
  1022 | D:2      | Reached skill level 5 in Axes
  1104 | D:2      | Reached XP level 4. HP: 39/41 MP: 4/4
  1673 | D:3      | Found an ornate altar of the Wu Jian Council.
  1686 | D:3      | Reached XP level 5. HP: 44/47 MP: 5/5
  2028 | D:3      | Found a radiant altar of Vehumet.
  2028 | D:3      | Noticed a frost-covered statue
  2118 | D:3      | Reached skill level 6 in Axes
  2325 | D:3      | Reached skill level 5 in Fighting
  2583 | D:4      | Found a glowing drain.
  2598 | Sewer    | Entered a sewer
  2661 | Sewer    | Noticed a kobold brigand
  2686 | Sewer    | Killed a kobold brigand
  2687 | Sewer    | Reached XP level 6. HP: 47/56 MP: 6/6
  2826 | Sewer    | Reached skill level 7 in Axes
  3001 | Sewer    | Found a glowing silver altar of Zin.
  3068 | D:4      | Reached XP level 7. HP: 20/61 MP: 7/7
  4237 | D:4      | Found a snail-covered altar of Cheibriados.
  4341 | D:5      | Entered Level 5 of the Dungeon
  4474 | D:5      | Reached skill level 8 in Axes
  5035 | D:5      | Reached skill level 9 in Axes
  5035 | D:5      | Reached XP level 8. HP: 47/71 MP: 8/8
  5342 | D:5      | Found an iron altar of Okawaru.
  5536 | D:5      | Found a sparkling altar of Nemelex Xobeh.
  5841 | D:6      | Reached skill level 10 in Axes
  5952 | D:6      | Found a staircase to the Ecumenical Temple.
  5971 | Temple   | Entered the Ecumenical Temple
  6248 | D:6      | Reached skill level 5 in Dodging
  6455 | D:6      | Noticed a cyclops
  6464 | D:6      | Reached skill level 11 in Axes
  6464 | D:6      | Reached XP level 9. HP: 68/80 MP: 9/9
  6577 | D:6      | Became a worshipper of Beogh the Brigand
  6577 | D:6      | Reached * piety under Beogh
  6577 | D:6      | Reached ** piety under Beogh
  6616 | D:6      | Killed a cyclops
  6801 | D:6      | Identified the +6 chain mail "Ragesoth" {*Corrode Will+++
                  | Int+5 Dex-4}
  7287 | D:7      | Reached skill level 12 in Axes
  7287 | D:7      | Reached skill level 1 in Invocations
  7353 | D:7      | Noticed Dowan
  7354 | D:7      | Noticed Duvessa
  7359 | D:7      | Killed Duvessa
  7365 | D:7      | Killed Dowan
  7488 | D:7      | Found a flagged portal.
  7495 | Bailey   | Entered a bailey
  7680 | Bailey   | Noticed an orc knight
  7738 | Bailey   | Reached *** piety under Beogh
  7782 | Bailey   | Reached XP level 10. HP: 91/91 MP: 12/12
  7783 | Bailey   | Reached skill level 13 in Axes
  7818 | Bailey   | Killed an orc knight
  8378 | D:7      | Found a shimmering altar of Xom.
  8885 | D:7      | Found an opulent altar of Gozag.
  9568 | D:8      | Noticed a two-headed ogre
  9768 | D:8      | Found Bemaimme's Evil Emporium.
 10132 | D:8      | Reached skill level 1 in Shields
 10582 | D:9      | Noticed Grum
 10594 | D:9      | Reached skill level 5 in Invocations
 10607 | D:9      | Killed Grum
 10608 | D:9      | Reached skill level 1 in Armour
 10885 | D:9      | Reached skill level 14 in Axes
 11184 | D:9      | Found a glowing silver altar of Zin.
 11288 | D:9      | Found a white marble altar of Elyvilon.
 11551 | D:9      | Reached **** piety under Beogh
 11791 | D:9      | Noticed a two-headed ogre
 11802 | D:9      | Killed a two-headed ogre
 11803 | D:9      | Reached XP level 11. HP: 69/99 MP: 15/15
 11914 | D:9      | Identified the ring of the Endless Expanse {Ice Dex+3}
 11924 | D:9      | Reached skill level 10 in Fighting
 12281 | D:10     | Entered Level 10 of the Dungeon
 12761 | D:10     | Gained Oruk as an ally
 13050 | D:10     | Noticed a two-headed ogre
 13058 | D:10     | Killed a two-headed ogre
 13624 | D:11     | Found a staircase to the Orcish Mines.
 13662 | D:11     | Noticed a death yak
 13665 | D:11     | Noticed a two-headed ogre
 13667 | D:11     | Noticed a two-headed ogre
 13667 | D:11     | Noticed a death yak
 13678 | D:11     | Reached skill level 5 in Shields
 13682 | D:11     | Killed a death yak
 13683 | D:11     | Reached skill level 15 in Axes
 13683 | D:11     | Gained Bogric as an ally
 13854 | D:11     | Noticed a death yak
 13857 | D:11     | Killed a two-headed ogre
 13861 | D:11     | Killed a two-headed ogre
 13868 | D:11     | Killed a death yak
 13871 | D:11     | Killed a death yak
 14033 | D:11     | Found a staircase to the Lair.
 14150 | D:11     | Noticed a two-headed ogre
 14157 | D:11     | Killed a two-headed ogre
 14767 | Lair:1   | Entered Level 1 of the Lair of Beasts
 14844 | Lair:1   | Noticed a seven-headed hydra
 14852 | Lair:1   | Killed a seven-headed hydra
 15088 | Lair:1   | Reached ***** piety under Beogh
 15355 | Lair:1   | Reached XP level 12. HP: 108/108 MP: 18/18
 15678 | Lair:1   | Identified a scroll of acquirement
 15680 | Lair:1   | Acquired the +6 Majin-Bo {spellvamp, MP+6 Int+6}
 15680 | Lair:1   | Found the +6 Majin-Bo {spellvamp, MP+6 Int+6}
 15986 | Lair:2   | Reached skill level 16 in Axes
 16085 | Lair:2   | Reached skill level 5 in Armour
 16693 | Lair:3   | Noticed a five-headed hydra
 16706 | Lair:3   | Killed a five-headed hydra
 16732 | Lair:3   | Noticed a skyshark
 16744 | Lair:3   | Killed a skyshark
 16870 | Lair:3   | Found a staircase to the Shoals.
 17014 | Lair:3   | Reached skill level 10 in Invocations
 17155 | Lair:3   | Found a staircase to the Snake Pit.
 17207 | Lair:3   | Noticed an eight-headed hydra
 17223 | Lair:3   | Killed an eight-headed hydra
 17236 | Lair:3   | Reached XP level 13. HP: 47/116 MP: 19/21
 17532 | Lair:3   | Reached skill level 17 in Axes
 17837 | Lair:4   | Found a staircase to the Slime Pits.
 17837 | Lair:4   | Found a viscous altar of Jiyva.
 18039 | Lair:4   | Noticed Sonja
 18041 | Lair:4   | Killed Sonja
 18784 | Lair:5   | Entered Level 5 of the Lair of Beasts
 18922 | Lair:5   | Paralysed by a hornet for 1 turns
 19109 | Lair:5   | Slain by a cane toad

Illustrated notes

Levels and vault maps discovered:
D:1:      minmay_arrival_stone_box, layout_loops_ring,
          hellmonk_ecumenical_altar_run_dry
D:2:      layout_loops_ring, minmay_pentomino_p4
D:3:      layout_loops_ring, vehumet_statue, nicolae_wu_jian_wuxing_cycle,
          minmay_snake_closets
D:4:      layout_layer_cave, slow_altar_2, portal_sewer_entry_f,
          kennysheep_small_spiral
D:5:      layout_loops_ring, kennysheep_little_box, nemelex_spade_bored_becter
D:6:      minmay_clustersquares, layout_basic, minmay_temple_entry_slanted,
          serial_demonic, serial_demonic_a, serial_demonic_g, serial_demonic_f,
          serial_demonic_g
D:7:      layout_basic, mainiacjoe_overflow_24_doors, xom_teletrap_fun,
          enter_bailey_3, nrook_loot_triangle, uniq_duvessa
D:8:      layout_basic, minivault_24, nicolae_evil_shop
D:9:      layout_loops_corners, mainiacjoe_overflow_surrounded_room,
          mainiacjoe_overflow_small_starburst, uniq_grum
D:10:     layout_gridville, chequers_serial_rivers_large_b
D:11:     layout_cave_pools, dpeg_lair_monsters, orc_0_dummy
Temple:   compressed_dpeg_triangle_lava_temple
Lair:1:   layout_layer_cave, lemuel_fruit_fields
Lair:2:   layout_cave_pods, lemuel_fruit_tree
Lair:3:   layout_cave_shapes, elwin_shoals_entry_rocks,
          minmay_snake_entry_guardpost_small, grunt_forest_small_clearing_treed,
          infiniplex_staircase_pool_2, serial_bayou_shore_a, grunt_megastairs_3
Lair:4:   layout_hall_layers, nicolae_slime_entry_slimehenge,
          grunt_megastairs_4, uniq_sonja
Lair:5:   hangedman_lair_tendril_chambers, layout_regular_city, uniq_urug

Skill      XL: |  1  2  3  4  5  6  7  8  9 10 11 12 13 |
---------------+----------------------------------------+-----
Fighting       | 4 5 6 7 9 10 11 12 | 12.0
Axes           | 5 6 7 9 11 12 14 15 16 17 | 17.5
Dodging        | 3 4 5 6 |  6.6
Invocations    | 3 5 8 10 11 | 11.9
Shields        | 3 6 8 9 |  9.7
Armour         | 2 4 5 6 |  6.7

Action                     |  1- 3 |  4- 6 |  7- 9 | 10-12 | 13-15 || total
---------------------------+-------+-------+-------+-------+-------++-------
  Melee: Hand axe          |   106 |    62 |    34 |   378 |       ||   580
         War axe           |       |   104 |   270 |       |       ||   374
         Battleaxe         |       |       |       |   162 |   118 ||   280
         Dire flail        |       |       |       |    12 |     7 ||    19
  Throw: Dart              |       |     1 |     7 |     4 |       ||    12
         Boomerang         |       |       |     8 |       |       ||     8
 Invoke: Convert to Beogh  |       |       |     1 |       |       ||     1
         Recall Orcish Fol |       |       |       |     5 |     2 ||     7
         Smiting           |       |       |       |     2 |     2 ||     4
  Evoke: Wand              |       |       |       |     7 |       ||     7
    Use: Scroll            |       |       |     6 |    13 |       ||    19
         Potion            |       |       |     3 |     2 |       ||     5
   Stab: Invisible         |       |       |       |     4 |       ||     4
         Distracted        |       |       |       |     1 |       ||     1
 Armour: Robe              |    18 |    17 |       |       |       ||    35
         Scale mail        |       |    46 |    99 |       |       ||   145
         Plate armour      |       |       |    56 |     1 |       ||    57
         Skin              |       |       |     4 |    13 |       ||    17
         Ring mail         |       |       |       |    82 |       ||    82
         Troll leather arm |       |       |       |    47 |    40 ||    87
  Dodge: Dodged            |    57 |    95 |   152 |   237 |    82 ||   623
  Block: Kite shield       |       |       |       |    93 |       ||    93
         Other             |       |       |       |    44 |    35 ||    79

Table legend: (Time is in decaauts)
 A = Elapsed time spent in this place.
 B = Non-inter-level travel time spent in this place.
 C = Inter-level travel time spent in this place.
 D = Time resting spent in this place.
 E = Time spent auto-exploring this place.
 F = Levels seen in this place.
 G = Mean time per level.
                   A        B        C        D        E       F      G
               +--------+--------+--------+--------+--------+-----+--------+
         Total |  19194 |  18331 |    863 |   2432 |  12690 |  19 | 1010.2 |
       Dungeon |  13334 |  12697 |    637 |   1871 |   8675 |  11 | 1212.2 |
        Temple |    264 |    248 |     16 |      0 |    239 |   1 |  264.0 |
          Lair |   4339 |   4129 |    210 |    201 |   3325 |   5 |  867.8 |
         Sewer |    513 |    513 |      0 |    170 |    139 |   1 |  513.0 |
        Bailey |    742 |    742 |      0 |    190 |    310 |   1 |  742.0 |
               +--------+--------+--------+--------+--------+-----+--------+

Top non-repeatable levels by time:
     D:9: 1844 daAuts
    D:10: 1578 daAuts
     D:7: 1513 daAuts
     D:4: 1339 daAuts
     D:6: 1335 daAuts
     D:5: 1290 daAuts
  Lair:3: 1095 daAuts
  Lair:4: 1071 daAuts
     D:3: 1006 daAuts
  Lair:1: 995 daAuts
  Lair:2: 918 daAuts
     D:8: 913 daAuts
    D:11: 883 daAuts
     D:1: 845 daAuts
     D:2: 783 daAuts
